 Dungeon Crawl Stone Soup version 0.26-a0-1205-g4083c211ab (webtiles) character file.

Game seed: 1029680669146330304

31598 HoaS the Brawler (level 13, -5/113 HPs)
             Began as a Ghoul Gladiator on Dec 29, 2020.
             Was a High Priest of Makhleb.
             Slain by a spriggan rider
             ... wielding a +0 spear
              (16 damage)
             ... on level 6 of the Lair of Beasts.
             The game lasted 00:32:30 (11425 turns).

HoaS the Brawler (Ghoul Gladiator)                 Turns: 11425, Time: 00:32:31

Health: -5/113     AC: 22    Str: 23    XL:     13   Next: 59%
Magic:  12/12      EV: 10    Int:  3    God:    Makhleb [*****.]
Gold:   698        SH:  0    Dex: 10    Spells: 12/12 levels left

rFire    . . .     SeeInvis .     - Unarmed
rCold    + . .     Faith    .   (no shield)
rNeg     + + +     Spirit   .   A - +0 plate armour
rPois    ∞         Reflect  .   b - +1 helmet
rElec    .         Harm     .   l - +0 cloak
rCorr    .         Rampage  .   (no gloves)
Will     .....                  u - +0 pair of boots
Stlth    ..........             E - amulet of regeneration
HPRegen  0.00/turn              s - +4 ring of protection
MPRegen  0.13/turn              n - +4 ring of slaying

@: no status effects
A: claws 1, cold resistance 1, negative energy resistance 3, inhibited
regeneration, torment resistance, unbreathing
a: Renounce Religion, Minor Destruction, Lesser Servant of Makhleb, Major
Destruction, Greater Servant of Makhleb


You were on level 6 of the Lair of Beasts.
You worshipped Makhleb.
Makhleb was extremely pleased with you.
You visited 3 branches of the dungeon, and saw 16 of its levels.
You also visited: Ossuary.

You collected 698 gold pieces.

Inventory:

Missiles
 c - 2 throwing nets (quivered)
 d - 46 poisoned darts
 h - 14 boomerangs
 G - 6 javelins
Armour
 b - a +1 helmet (worn)
 l - a +0 cloak (worn)
 u - a +0 pair of boots (worn)
 A - a +0 plate armour (worn)
Jewellery
 n - a +4 ring of slaying (right claw)
 s - a +4 ring of protection (left claw)
 D - an uncursed ring of see invisible
 E - an amulet of regeneration (around neck)
Wands
 i - a wand of iceblast (12)
 j - a wand of flame (73)
 y - a wand of random effects (14)
 z - a wand of digging (6)
 H - a wand of acid (9)
Scrolls
 e - a scroll of identify
 f - 10 scrolls of remove curse
 k - a scroll of fear
 r - a scroll of fog
 w - a scroll of blinking
 x - 3 scrolls of teleportation
 C - a scroll of magic mapping
Potions
 a - 2 potions of resistance
 g - 4 potions of curing
 m - 2 potions of might
 o - 4 potions of cancellation
 p - 5 potions of invisibility
 q - a potion of magic {unknown}
 t - 2 potions of flight
 v - 3 potions of haste {unknown}
 B - 3 potions of attraction {unknown}


   Skills:
 + Level 10.2 Fighting
 - Level 1.7 Throwing
 + Level 8.3 Armour
 + Level 9.0 Dodging
 * Level 17.2 Unarmed Combat


You had 12 spell levels left.
You didn't know any spells.
Your spell library contained the following spells:

 Spells                   Type           Power        Failure   Level
 Magic Dart               Conj           0%           100%        1
 Blink                    Tloc           N/A          100%        2
 Call Imp                 Summ           0%           100%        2
 Slow                     Hex            0%           100%        2
 Conjure Flame            Conj/Fire      0%           100%        3
 Mephitic Cloud           Conj/Pois/Air  0%           100%        3
 Bolt of Magma            Conj/Fire/Erth 0%           100%        5
 Iskenderun's Battlesphe  Conj           0%           100%        5
 Iron Shot                Conj/Erth      0%           100%        6
 Orb of Destruction       Conj           0%           100%        7
 Spellforged Servitor     Conj/Summ      0%           100%        7
 Beastly Appendage        Tmut           Unusable     N/A         1
 Wereblood                Tmut           Unusable     N/A         2
 Spider Form              Tmut/Pois      Unusable     N/A         3
 Ice Form                 Ice/Tmut       Unusable     N/A         4
 Blade Hands              Tmut           Unusable     N/A         5

Dungeon Overview and Level Annotations

Branches:
Dungeon (10/15)            Temple (1/1) D:7            Lair (4/6) D:8
    Orc (0/2) D:9         Ossuary (visited)
  Swamp: Lair:2-4    Shoals: Lair:2-4     Snake: Lair:2-4    Spider: Lair:2-4

Altars:
Ashenzari
Cheibriados
Dithmenos
Elyvilon
Fedhas
Gozag
Hepliaklqana
Kikubaaqudgha
Makhleb
Nemelex Xobeh
Okawaru
Ru
Sif Muna
Trog
Uskayaw
Vehumet
Wu Jian
Xom
Yredelemnul
Zin
The Shining One

Shops:
D:5 ?   D:8 =

Annotations:
Lair:1 2 transporters
Lair:2 exclusion: 3 oklob plants


Innate Abilities, Weirdness & Mutations

You thrive by killing the living.
You are immune to poison.
You have sharp fingernails.
Your flesh is cold resistant. (rC+)
You are immune to negative energy. (rN+++)
You do not regenerate when monsters are visible.
You are immune to unholy pain and torment.
You can survive without breathing.


Message History

The polar bear is almost dead.
The polar bear goes berserk!
The spriggan rider hits you from afar with a +0 spear!
* * * LOW HITPOINT WARNING * * *
You mangle the polar bear!!
You kill the polar bear!
Makhleb accepts your kill.
You feel better. The wolf barely misses you.
You scratch the wolf but do no damage.
The spriggan rider hits you but does no damage.
The wolf bites you.
* * * LOW HITPOINT WARNING * * *
You claw the wolf!
The wolf is almost dead.
The wolf bites you but does no damage.
The spriggan rider hits you from afar with a +0 spear!
* * * LOW HITPOINT WARNING * * *
You feel better. The wolf barely misses you.
The spriggan rider hits you from afar with a +0 spear!
You die...

♣.....♣
♣....[♣
♣...$8♣
♣....[♣
♣.....
♣....♣ ♣ii.♣
♣h♣♣ ♣♣@♣
♣..♣ .♣
♣♣.♣♣ ♣♣.
♣..♣
♣..♣♣♣♣♣♣.♣
♣♣♣....♣♣♣.♣
♣......♣♣..♣
♣..♣...♣♣.♣♣
♣....♣..♣


You could see a spriggan rider, a spriggan and a wolf.

Vanquished Creatures
  Snorg (Lair:4)
  5 hydras
  Erica (D:9)
  A two-headed ogre (D:10)
  3 death yaks (Lair:4)
  Urug (Lair:4)
  Nergalle (D:10)
  5 spriggans (Lair:6)
  Pikel (D:7)
  6 elephants (Lair:4)
  A black mamba (Lair:1)
  6 cane toads
  A torpor snail (Lair:1)
  5 komodo dragons
  4 polar bears
  2 trolls
  3 hornets (Lair:6)
  5 blink frogs (Lair:1)
  3 wyverns
  23 yaks
  3 basilisks
  8 water moccasins
  3 wargs (D:9)
  A floating eye (Lair:2)
  3 orc warriors
  3 ice beasts
  3 sky beasts
  A hornet zombie (D:6)
  2 black bears
  24 wolves
  A phantom (D:6)
  3 ogres
  2 boggarts (Lair:6)
  2 centaurs
  2 lemures (Temple)
  12 bullfrogs
  A gnoll sergeant (D:6)
  3 scorpions
  11 wights
  2 electric eels (D:8)
  3 bullfrog zombies
  4 crimson imps (D:5)
  3 quasits
  4 hounds (D:8)
  A jelly (D:6)
  7 orc priests
  Crazy Yiuf (D:3)
  2 centaur skeletons
  Ijyb (D:5)
  Terence (D:3)
  2 iguanas
  7 worker ants
  10 orc wizards
  9 hell rats
  5 big kobold zombies (Ossuary)
  2 hound skeletons
  A worker ant zombie (D:6)
  A mummy (Ossuary)
  11 gnolls
  A howler monkey skeleton (D:5)
  17 adders
  3 shadow imps
  A white imp (D:10)
  3 adder skeletons
  4 worms
  3 dart slugs
  6 leopard geckos
  41 orcs
  2 spectral bats (Ossuary)
  7 giant cockroaches
  7 gnoll zombies (Ossuary)
  9 goblins
  8 hobgoblins
  2 jackals (D:1)
  10 quokkas
  2 ball pythons
  8 bats
  4 bat simulacra (Ossuary)
  6 frilled lizards
  4 goblin simulacra (Ossuary)
  5 goblin zombies (Ossuary)
  3 hobgoblin zombies (Ossuary)
  10 kobolds
  4 kobold simulacra (Ossuary)
  4 kobold zombies (Ossuary)
  6 orc zombies (Ossuary)
  10 rats
  3 rat simulacra (Ossuary)
  2 spectral goblins (Ossuary)
  5 spectral kobolds (Ossuary)
  2 spectral rats (Ossuary)
  A bush (Lair:2)
446 creatures vanquished.

Vanquished Creatures (collateral kills)
  A boulder beetle (Lair:6)
1 creature vanquished.

Vanquished Creatures (others)
  6 fungi
  14 plants
20 creatures vanquished.

Grand Total: 467 creatures vanquished

Notes
Turn   | Place    | Note
-------+----------+-------------------------------------------
     0 | D:1      | HoaS the Ghoul Gladiator began the quest for the Orb.
     0 | D:1      | Reached XP level 1. HP: 17/17 MP: 0/0
    84 | D:1      | Reached XP level 2. HP: 16/24 MP: 1/1
   105 | D:1      | Reached skill level 4 in Unarmed Combat
   700 | D:2      | Reached XP level 3. HP: 22/29 MP: 2/2
   795 | D:2      | Reached skill level 5 in Unarmed Combat
   865 | D:2      | Found a bloodstained altar of Trog.
   952 | D:2      | Found a glowing silver altar of Zin.
  1020 | D:2      | Reached XP level 4. HP: 36/36 MP: 3/3
  1439 | D:3      | Found a broken altar of Ashenzari.
  1440 | D:3      | Found a shadowy altar of Dithmenos.
  1441 | D:3      | Found an opulent altar of Gozag.
  1680 | D:3      | Reached skill level 6 in Unarmed Combat
  1680 | D:3      | Reached XP level 5. HP: 24/41 MP: 4/4
  1972 | D:3      | Found a runed translucent door.
  1973 | D:3      | Noticed Crazy Yiuf
  2090 | D:3      | Noticed Terence
  2102 | D:3      | Killed Terence
  2330 | D:3      | Killed Crazy Yiuf
  2331 | D:3      | Reached skill level 7 in Unarmed Combat
  2385 | D:4      | Reached XP level 6. HP: 48/48 MP: 5/5
  2422 | D:4      | Found a sand-covered staircase.
  2427 | Ossuary  | Entered an ossuary
  2671 | Ossuary  | Reached skill level 8 in Unarmed Combat
  2995 | D:4      | Found a hazy altar of Hepliaklqana.
  3030 | D:4      | Reached XP level 7. HP: 54/55 MP: 6/6
  3054 | D:4      | Found a snail-covered altar of Cheibriados.
  3431 | D:5      | Entered Level 5 of the Dungeon
  3507 | D:5      | Reached skill level 9 in Unarmed Combat
  3696 | D:5      | Noticed Ijyb
  3711 | D:5      | Killed Ijyb
  3771 | D:5      | Found Amottoa's Magic Scroll Emporium.
  4159 | D:5      | Reached skill level 10 in Unarmed Combat
  4159 | D:5      | Reached XP level 8. HP: 61/61 MP: 7/7
  4352 | D:5      | Found a shimmering altar of Xom.
  4570 | D:6      | Reached skill level 11 in Unarmed Combat
  4659 | D:6      | Found an iron altar of Okawaru.
  4804 | D:6      | Reached skill level 12 in Unarmed Combat
  4844 | D:6      | Reached XP level 9. HP: 60/68 MP: 8/8
  4931 | D:6      | Reached skill level 1 in Armour
  5375 | D:6      | Found a sacrificial altar of Ru.
  5604 | D:7      | Found a staircase to the Ecumenical Temple.
  5610 | D:7      | Noticed Pikel
  5613 | Temple   | Entered the Ecumenical Temple
  5805 | Temple   | Became a worshipper of Makhleb the Destroyer
  5833 | D:7      | Killed Pikel
  5910 | D:7      | Reached skill level 13 in Unarmed Combat
  5976 | D:7      | Reached XP level 10. HP: 80/80 MP: 9/9
  6079 | D:7      | Reached * piety under Makhleb
  6189 | D:7      | Found a bloodstained altar of Trog.
  6194 | D:7      | Reached skill level 5 in Fighting
  6545 | D:8      | Found Xul Vaco's Jewellery Shop.
  6582 | D:8      | Found a shimmering blue altar of Sif Muna.
  6591 | D:8      | Found an ancient bone altar of Kikubaaqudgha.
  6599 | D:8      | Found a radiant altar of Vehumet.
  6796 | D:8      | Reached skill level 5 in Dodging
  6806 | D:8      | Found a staircase to the Lair.
  7170 | D:9      | Reached ** piety under Makhleb
  7172 | D:9      | Noticed Erica
  7185 | D:9      | Killed Erica
  7186 | D:9      | Reached skill level 14 in Unarmed Combat
  7356 | D:9      | Found a staircase to the Orcish Mines.
  7652 | D:9      | Reached XP level 11. HP: 90/90 MP: 10/10
  7950 | D:10     | Entered Level 10 of the Dungeon
  8110 | D:10     | Noticed a two-headed ogre
  8124 | D:10     | Killed a two-headed ogre
  8125 | D:10     | Reached skill level 5 in Armour
  8243 | D:10     | Noticed Nergalle
  8250 | D:10     | Noticed a spectral orc warlord
  8261 | D:10     | Killed Nergalle
  8742 | Lair:1   | Entered Level 1 of the Lair of Beasts
  8795 | Lair:1   | Reached *** piety under Makhleb
  8823 | Lair:1   | Noticed a seven-headed hydra
  8845 | Lair:1   | Killed a seven-headed hydra
  8846 | Lair:1   | Reached skill level 15 in Unarmed Combat
  9044 | Lair:1   | Found a transporter.
  9045 | Lair:1   | Found a transporter.
  9045 | Lair:1   | Noticed a boulder beetle
  9045 | Lair:1   | Noticed a boulder beetle
  9223 | Lair:1   | Reached XP level 12. HP: 78/101 MP: 11/11
  9313 | Lair:1   | Noticed a five-headed hydra
  9327 | Lair:1   | Killed a five-headed hydra
  9690 | Lair:2   | Noticed a seven-headed hydra
  9698 | Lair:1   | Reached **** piety under Makhleb
  9733 | Lair:1   | Killed a seven-headed hydra
 10170 | Lair:2   | You fall into a shaft and drop 2 floors!
 10183 | Lair:4   | Noticed Urug
 10205 | Lair:4   | Killed Urug
 10262 | Lair:4   | Reached skill level 16 in Unarmed Combat
 10292 | Lair:4   | Noticed a four-headed hydra
 10299 | Lair:4   | Noticed Snorg
 10301 | Lair:4   | Killed a four-headed hydra
 10332 | Lair:4   | Killed Snorg
 10363 | Lair:4   | Noticed a death yak
 10363 | Lair:4   | Noticed a death yak
 10378 | Lair:4   | Killed a death yak
 10379 | Lair:4   | Reached XP level 13. HP: 111/111 MP: 12/12
 10643 | Lair:2   | Paralysed by a floating eye for 2 turns
 10674 | Lair:2   | Paralysed by a floating eye for 2 turns
 10682 | Lair:2   | Paralysed by a floating eye for 3 turns
 10690 | Lair:2   | Paralysed by a floating eye for 3 turns
 10822 | Lair:2   | Paralysed by a floating eye for 2 turns
 10828 | Lair:2   | Paralysed by a floating eye for 4 turns
 10839 | Lair:2   | Paralysed by a floating eye for 3 turns
 11081 | Lair:3   | You fall into a shaft and drop 3 floors!
 11081 | Lair:6   | Entered Level 6 of the Lair of Beasts
 11249 | Lair:6   | Reached ***** piety under Makhleb
 11250 | Lair:6   | Reached skill level 10 in Fighting
 11250 | Lair:6   | Reached skill level 17 in Unarmed Combat
 11421 | Lair:6   | HP: 4/113 [spriggan rider/+0 spear (12)]
 11425 | Lair:6   | Slain by a spriggan rider

Illustrated notes

Levels and vault maps discovered:
D:1:      dpeg_arrival_three_same_balls, layout_loops_ring
D:2:      wander_river, layout_basic, overflow_temple_1_default,
          kennysheep_nondescript, kennysheep_another_room, trog_hazing_becter
D:3:      layout_loops_cross, chequers_temple_overflow_statue_of_worship,
          minmay_joined_circles, uniq_terence, uniq_crazy_yiuf_cottage
D:4:      layout_loops_ring, kennysheep_mini, kennysheep_slug_shrine,
          nicolae_overflow_hidden_temple, enter_ossuary_5,
          chequers_serial_rivers_room_b
D:5:      layout_layer_cave, serial_shops, shop_fountains, led_xom_imps,
          uniq_ijyb
D:6:      minmay_recursive_quarters, layout_basic, kennysheep_mini_moat,
          kennysheep_okawaru_gauntlet
D:7:      layout_loops_ring, nicolae_overflow_crystal_walls,
          minmay_temple_entry_arrows, uniq_pikel
D:8:      layout_rooms, palyth_temple_overflow_mages, erik_lair_island,
          serial_shops, shop
D:9:      layout_basic, minmay_orc_entry_guard_dogs, uniq_erica
D:10:     layout_roguey, uniq_nergalle
Temple:   grunt_temple_mini_profane
Lair:1:   gammafunk_boulding_lane, layout_chaotic_city,
          chequers_serial_rivers_small_b, lemuel_fruit_fields,
          serial_bayou_shore_b, grunt_megastairs_5, lemuel_fruit_fields
Lair:2:   layout_chaotic_city, disabler_island, grunt_megastairs_3
Lair:3:   layout_gridlike, skrybe_swamp_entry_bodies,
          gammafunk_ghost_necromancy, chequers_serial_rivers_micro_a,
          infiniplex_staircase_pool_2
Lair:4:   layout_regular_city, nicolae_spider_entry_orb_guardian,
          gammafunk_ghost_abyssal_escape, uniq_urug, uniq_snorg
Lair:6:   minmay_lair_end_enchanted_forest, layout_layer_cave,
          dpeg_slime_entry_corner, gammafunk_ghost_cemetery,
          bobbens_dragon_lair_wall, grunt_megastairs_4

Skill      XL: |  1  2  3  4  5  6  7  8  9 10 11 12 13 |
---------------+----------------------------------------+-----
Unarmed Combat | 4 5 6 7 8 10 12 13 14 15 16 17 | 17.2
Armour         | 3 4 6 7 8 |  8.3
Dodging        | 4 5 7 8 9 |  9.0
Fighting       | 4 6 8 9 10 | 10.2
Throwing       | |  1.7

Action                   |  1- 3 |  4- 6 |  7- 9 | 10-12 | 13-15 || total
-------------------------+-------+-------+-------+-------+-------++-------
Melee: Unarmed           |    99 |   293 |   362 |   562 |   182 ||  1498
       Punch             |     1 |     8 |    13 |    35 |    14 ||    71
Throw: Dart              |       |       |     4 |     6 |       ||    10
       Boomerang         |       |       |     8 |       |       ||     8
       Throwing net      |       |       |       |    14 |       ||    14
  Use: Scroll            |     7 |    11 |     2 |     6 |     4 ||    30
       Potion            |       |       |       |     4 |     1 ||     5
 Stab: Held in net/web   |       |       |       |     4 |       ||     4
       Distracted        |       |       |       |       |     1 ||     1
Armor: Leather armour    |     7 |       |       |       |       ||     7
       Ring mail         |    21 |    17 |       |       |       ||    38
       Chain mail        |       |    93 |   161 |       |       ||   254
       Plate armour      |       |       |     3 |   491 |   199 ||   693
Dodge: Dodged            |    79 |   118 |   100 |   287 |   148 ||   732

Table legend: (Time is in decaauts)
 A = Elapsed time spent in this place.
 B = Non-inter-level travel time spent in this place.
 C = Inter-level travel time spent in this place.
 D = Time resting spent in this place.
 E = Time spent auto-exploring this place.
 F = Levels seen in this place.
 G = Mean time per level.
                   A        B        C        D        E       F      G
               +--------+--------+--------+--------+--------+-----+--------+
         Total |  11139 |  10639 |    500 |    573 |   7445 |  17 |  655.2 |
       Dungeon |   7964 |   7552 |    412 |    103 |   5785 |  10 |  796.4 |
        Temple |    213 |    167 |     46 |      0 |    154 |   1 |  213.0 |
          Lair |   2574 |   2533 |     41 |    470 |   1312 |   5 |  514.8 |
       Ossuary |    386 |    386 |      0 |      0 |    193 |   1 |  386.0 |
               +--------+--------+--------+--------+--------+-----+--------+

Top non-repeatable levels by time:
  Lair:1: 1210 daAuts
     D:5: 1081 daAuts
     D:6: 1030 daAuts
     D:3: 962 daAuts
     D:9: 916 daAuts
  Lair:2: 836 daAuts
     D:2: 789 daAuts
    D:10: 700 daAuts
     D:7: 690 daAuts
     D:4: 646 daAuts
     D:1: 617 daAuts
     D:8: 528 daAuts
 Ossuary: 386 daAuts
  Lair:6: 295 daAuts
  Lair:4: 217 daAuts
